 Dungeon Crawl Stone Soup version 0.15-a0-357-gf0ffff9 (webtiles) character file.

62751 MDvedh the Severer (level 14, -16/106 (110) HPs)
             Began as a Lava Orc Berserker on May 3, 2014.
             Was the Champion of Trog.
             Demolished by an orc warlord
             ... wielding a +3,+5 long sword of electrocution
              (19 damage)
             ... on Level 2 of the Orcish Mines.
             The game lasted 01:03:37 (20672 turns).

MDvedh the Severer (Lava Orc Berserker)            Turns: 20672, Time: 01:03:38

HP -16/106 (110) AC 24     Str 25      XL: 14   Next: 62%
MP   0/14        EV 10     Int  9      God: Trog [******]
Gold 838         SH  0     Dex 10      Spells:  0 memorised, 13 levels left

rFire  + + +     SeeInvis +     Q - +5 battleaxe (vamp)
rCold  x . .     Clarity  .     o - +3 ring mail {rPois}
rNeg   . . .     Conserve .     (no shield)
rPois  +         rCorr    .     h - +1 hat
rElec  .         rRot     .     p - -1 cloak
SustAb . .       Spirit   +     (no gloves)
rMut   .         Warding  .     (no boots)
Saprov + . .     Stasis   .     e - amulet of guardian spirit
MR     +....                    f - +6 ring of protection
                                i - ring "Hatuoq" {Dam+5 SInv Regen}

@: somewhat resistant to hostile enchantments, very unstealthy
A: fangs 1, iridescent scales 1, clever 1, conserve scrolls, saprovore 1
a: Burn Spellbooks, Berserk, Trog's Hand, Brothers in Arms, Renounce Religion


You were on level 2 of the Orcish Mines.
You worshipped Trog.
Trog was exalted by your worship.
You were hungry.

You visited 3 branches of the dungeon, and saw 24 of its levels.
You also visited: Sewer, Ossuary and Volcano.

You collected 1542 gold pieces.
You spent 704 gold pieces at shops.

Inventory:

Hand weapons
 H - a +5,+2 battleaxe of flaming
 Q - a +5,+5 vampiric battleaxe (weapon)
Armour
 h - a +1 hat (worn)
 o - a +3 ring mail of poison resistance (worn)
 p - a -1 cloak (worn)
Magical devices
 a - a wand of teleportation (1)
 L - a wand of magic darts (14)
 O - a wand of cold (0)
 P - a wand of enslavement (16)
 R - a wand of digging (8)
 Z - a wand of lightning (3)
Comestibles
 c - 10 honeycombs
 q - 8 bread rations
 D - 6 meat rations
 X - 5 strawberries
Scrolls
 g - 2 scrolls of recharging
 k - a scroll of silence
 y - 15 scrolls of teleportation
 z - 4 scrolls of magic mapping
 A - 4 scrolls of fog
 E - 2 scrolls of blinking
 F - 2 scrolls of fear
 G - 7 scrolls of remove curse
 K - a scroll of enchant armour
 U - a scroll of summoning
Jewellery
 b - a cursed amulet of resist mutation
 d - an uncursed ring of protection from magic
 e - an amulet of guardian spirit (around neck)
 f - a +6 ring of protection (right hand)
 i - the ring "Hatuoq" (left hand) {Dam+5 SInv Regen}
   (You bought it in a shop on level 6 of the Dungeon)

   [ring of regeneration]

   It affects your damage with ranged weapons and melee attacks (+5).
   It enhances your eyesight.
   It increases your rate of regeneration.
 n - an uncursed ring of ice
 r - an uncursed amulet of the gourmand
 t - an uncursed ring of fire
 x - a +6 ring of strength {unknown}
 B - an uncursed ring of stealth {unknown}
 J - an uncursed ring of positive energy {unknown}
 M - an uncursed amulet of resist corrosion
Potions
 j - 18 potions of curing
 l - 5 potions of flight
 m - 5 potions of agility
 s - 2 potions of invisibility
 u - 4 potions of brilliance
 v - 2 potions of restore abilities
 w - 2 potions of haste
 C - 8 potions of heal wounds
 I - 2 potions of berserk rage
 N - a potion of might
 T - a potion of beneficial mutation
 V - a potion of paralysis
 W - a potion of magic


   Skills:
 + Level 6.0 Fighting
 - Level 20.3 Axes
 - Level 18.4 Armour
 - Level 1.5 Dodging


You had 13 spell levels left.
You didn't know any spells.

Dungeon Overview and Level Annotations

Branches:
Dungeon (13/15)            Temple (0/1) D:4             Orc (3/4) D:11
   Lair (8/8) D:10         Shoals (0/5) Lair:4       Spider (0/5) Lair:5
  Slime (0/6) Lair:8
    Elf: Orc:3-4     Vaults: D:13-14

Altars:
Elyvilon
Xom
Yredelemnul
Zin
Beogh

Shops:
D:6 =   D:7 ?   D:8 [

Annotations:
D:12 Maurice
Lair:8 exclusion: 2 oklob plants


Innate Abilities, Weirdness & Mutations

You have stony skin.
Your flesh is almost immune to the effects of heat.
Your fire spells are more powerful.
Your flesh is vulnerable to cold.
Your heat harms attackers.
You bathe your surroundings in blazing heat.
You are too hot to use scrolls.
You are very good at protecting items from fire.
You can tolerate rotten meat.
You have very sharp teeth.
You are partially covered in iridescent scales (AC +4).
Your mind is acute. (Int +2)


Message History

You are electrocuted!
* * * LOW HITPOINT WARNING * * *
The orc warlord is singed by your heat.
The orc warlord is heavily wounded.
You are too injured to fight recklessly!
Unknown command.
You are too injured to fight recklessly!
Unknown command.
You slash the orc warlord!
You feel better.
You bite the orc warlord, but do no damage.
The orc warlord is severely wounded.
Unknown command.
You barely miss the orc warlord.
The orc warlord is severely wounded.
The orc warrior hits you from afar with a glaive!
* * * LOW HITPOINT WARNING * * *
The orc warlord is burned by your radiant heat.
The orc warlord is severely wounded.
The orc warlord hits you with a long sword of electrocution!
You die...

..### #. <<....##
##. .......# #...
......# ##$.. .#..##
#....###....##
##..#..#.%....#
#...$P)[[...).##.###
##....%<>..@Oo.....#
#......$%.#o).......
#.............o..#.
...................
#..#...............
###.............#
##.........###
##.#....... .....##


You could see an orc warlord, 2 orc warriors and an ogre.

Vanquished Creatures
  Gastronok (D:8)
  Harold (Lair:7)
  6 hydras
  Erica (Lair:1)
  7 death yaks
  The ghost of Fizybubbleh the Spear-Bearer, an experienced MfIE of Ashenzari (D:8)
  Erolcha (D:11)
  Pikel (D:5)
  4 hill giants
  Joseph (Lair:1)
  2 griffons
  2 orc knights (Orc:1)
  10 elephants (Lair:8)
  5 oklob plants
  A gargoyle (D:9)
  3 black mambas
  12 spiny frogs
  A queen ant (Lair:1)
  4 fire drakes
  A troll (Orc:3)
  7 komodo dragons
  The ghost of yrew the Stinger, an experienced NaVM (Ossuary)
  5 polar bears (Lair:8)
  Prince Ribbit (D:8)
  A two-headed ogre (D:11)
  2 basilisks
  32 yaks
  A redback (Lair:5)
  2 sharks (Lair:4)
  2 vampire mosquitoes (Lair:8)
  2 wyverns
  9 hogs (Lair:8)
  Eustachio (D:4)
  4 fire bats (D:8)
  A hungry ghost (D:11)
  18 hippogriffs
  5 wargs (Lair:8)
  5 hell hounds
  Menkaure (D:4)
  12 water moccasins
  9 soldier ants
  6 porcupines
  40 wolves
  2 necrophages
  4 slaves (D:5)
  6 black bears (Lair:8)
  19 orc warriors
  A phantom (D:10)
  4 centaurs
  A yellow wasp (D:11)
  The ghost of Psiweapon the Insei, an average DrTm of Cheibriados (D:4)
  7 ogres
  6 crocodiles
  5 giant slugs
  12 giant frogs
  A big kobold (D:11)
  2 water moccasin zombies (Ossuary)
  2 scorpions
  An insubstantial wisp (Lair:8)
  2 electric eels
  A troll skeleton (D:11)
  6 wights
  2 centaur zombies
  3 crimson imps
  A goliath beetle (D:10)
  7 iguanas
  A jelly (D:8)
  A siren (Sewer)
  12 orc priests
  A giant frog skeleton (D:7)
  2 lava snakes (D:8)
  2 orange rats (Lair:3)
  29 hounds
  13 orc wizards
  3 big fish
  Natasha (twice) (D:5)
  2 mermaids
  27 worker ants
  23 sheep
  2 big kobold zombies (Ossuary)
  4 mummies
  8 orc zombies
  30 adders
  11 gnolls
  46 green rats
  2 shadow imps
  6 giant mites
  An inept feature mimic (D:3)
  A goliath beetle zombie (D:11)
  6 worms
  An iguana skeleton (D:4)
  6 adder zombies (Ossuary)
  2 giant eyeballs
  9 giant geckos
  2 oozes
  86 orcs
  17 bats
  6 giant cockroaches
  4 gnoll zombies
  25 goblins
  6 hobgoblins
  21 jackals
  13 quokkas
  3 ball pythons (Sewer)
  A giant gecko skeleton (D:5)
  9 giant newts
  A giant spore (D:6)
  A goblin skeleton (D:4)
  A goblin zombie (D:8)
  6 hobgoblin zombies
  20 kobolds
  A kobold skeleton (D:4)
  4 kobold zombies (Ossuary)
  45 rats
  9 ballistomycetes (D:10)
  2 bushes
  11 fungi
  16 plants
891 creatures vanquished.

Vanquished Creatures (collateral kills)
  Fannar (D:10)
  Sonja (D:10)
  An ice beast (D:10)
  A yak skeleton (D:10)
4 creatures vanquished.

Vanquished Creatures (others)
  2 fire vortices (D:8)
  A worker ant (D:6)
  5 drowned souls (Sewer)
  2 giant spores (D:10)
  A hobgoblin zombie (Ossuary)
  6 fungi
  2 plants (Lair:8)
19 creatures vanquished.

Grand Total: 914 creatures vanquished

Notes
Turn   | Place    | Note
--------------------------------------------------------------
     0 | D:1      | MDvedh, the Lava Orc Berserker, began the quest for the Orb.
     0 | D:1      | Reached XP level 1. HP: 19/19 MP: 1/1
   109 | D:1      | Reached skill level 4 in Axes
   302 | D:1      | Reached XP level 2. HP: 26/26 MP: 2/2
   410 | D:1      | Acquired Trog's second power
   747 | D:2      | Reached skill level 5 in Axes
   747 | D:2      | Reached XP level 3. HP: 31/31 MP: 3/3
   753 | D:2      | Reached XP level 4. HP: 21/39 MP: 2/4
   967 | D:2      | Reached skill level 6 in Axes
   996 | D:2      | Found a glowing silver altar of Zin.
  1783 | D:2      | Found a basalt altar of Yredelemnul.
  1926 | D:3      | Reached XP level 5. HP: 45/45 MP: 5/5
  1949 | D:3      | Reached skill level 7 in Axes
  2477 | D:3      | Acquired Trog's third power
  2523 | D:3      | Reached skill level 8 in Axes
  2942 | D:4      | Reached XP level 6. HP: 51/51 MP: 6/6
  3104 | D:4      | Reached skill level 9 in Axes
  3127 | D:4      | Noticed Eustachio
  3141 | D:4      | Killed Eustachio
  3141 | D:4      | Reached XP level 7. HP: 57/57 MP: 7/7
  3182 | D:4      | Noticed Menkaure
  3190 | D:4      | Killed Menkaure
  3190 | D:4      | Reached skill level 10 in Axes
  3634 | D:4      | Noticed Psiweapon's ghost (average DrTm)
  3642 | D:4      | Killed Psiweapon's ghost
  3710 | D:4      | Found a staircase to the Ecumenical Temple.
  3820 | D:4      | Reached skill level 11 in Axes
  3944 | D:5      | Entered Level 5 of the Dungeon
  4496 | D:5      | Reached XP level 8. HP: 59/64 MP: 6/8
  4523 | D:5      | Noticed Natasha
  4538 | D:5      | Killed Natasha
  4764 | D:5      | Noticed Pikel
  4772 | D:5      | Killed Pikel
  4772 | D:5      | Reached skill level 13 in Axes
  5245 | D:5      | Noticed Natasha
  5261 | D:5      | Killed Natasha
  5508 | D:6      | Received a gift from Trog
  5649 | D:6      | Found Plapt's Jewellery Boutique.
  5830 | D:6      | Reached XP level 9. HP: 70/70 MP: 3/9
  5839 | D:6      | Found a glowing drain.
  5843 | Sewer    | Entered a sewer
  6066 | Sewer    | Noticed a drowned soul
  6076 | Sewer    | Noticed a drowned soul
  6077 | Sewer    | Killed a drowned soul
  6081 | Sewer    | Noticed a drowned soul
  6082 | Sewer    | Killed a drowned soul
  6083 | Sewer    | Noticed a drowned soul
  6084 | Sewer    | Killed a drowned soul
  6089 | Sewer    | Noticed a drowned soul
  6089 | Sewer    | Noticed a drowned soul
  6089 | Sewer    | Killed a drowned soul
  6091 | Sewer    | Noticed a drowned soul
  6092 | Sewer    | Killed a drowned soul
  6094 | Sewer    | Reached skill level 14 in Axes
  6336 | D:7      | Found Oliuned's Magic Scroll Boutique.
  6355 | D:7      | Bought a scroll of fog for 20 gold pieces
  6433 | D:7      | Found a white marble altar of Elyvilon.
  6789 | D:7      | Gained mutation: You are partially covered in iridescent scales (AC +4). [potion of mutation]
  6789 | D:7      | Gained mutation: Your mind is acute. (Int +2) [potion of mutation]
  6789 | D:7      | Gained mutation: You have very sharp teeth. [potion of mutation]
  6842 | D:8      | Noticed Fizybubbleh's ghost (experienced MfIE)
  6853 | D:8      | Killed Fizybubbleh's ghost
  6853 | D:8      | Reached skill level 15 in Axes
  6918 | D:8      | Found Piashreacw's Armour Boutique.
  6952 | D:8      | Noticed Gastronok
  6970 | D:8      | Killed Gastronok
  6970 | D:8      | Reached skill level 16 in Axes
  6970 | D:8      | Reached XP level 10. HP: 77/77 MP: 2/10
  7019 | D:8      | Noticed Prince Ribbit
  7049 | D:8      | Found a sand-covered staircase.
  7056 | Ossuary  | Entered an ossuary
  7254 | Ossuary  | Noticed yrew's ghost (experienced NaVM)
  7290 | Ossuary  | Killed yrew's ghost
  7290 | Ossuary  | Reached skill level 17 in Axes
  7378 | D:8      | Killed Prince Ribbit
  7868 | D:8      | Reached skill level 18 in Axes
  8847 | D:9      | Reached XP level 11. HP: 78/78 MP: 3/11
  9098 | D:10     | Entered Level 10 of the Dungeon
  9193 | D:10     | Noticed Sonja
  9208 | D:10     | Killed Sonja
  9529 | D:10     | Noticed Fannar
  9543 | D:10     | Killed Fannar
  9543 | D:10     | Received a gift from Trog
  9674 | D:10     | Reached skill level 19 in Axes
  9790 | D:10     | You fall through a shaft for 3 floors!
  9933 | D:12     | Noticed Maurice
 10174 | D:10     | Found a staircase to the Lair.
 10786 | Lair:1   | Entered Level 1 of the Lair of Beasts
 10843 | Lair:1   | Noticed Erica
 10852 | Lair:1   | Killed Erica
 11111 | Lair:1   | Received a gift from Trog
 11118 | Lair:1   | Reached skill level 20 in Axes
 11442 | Lair:1   | Noticed Joseph
 11457 | Lair:1   | Killed Joseph
 11823 | D:6      | Bought the ring "Hatuoq" {Dam+5 SInv Regen} for 684 gold pieces
 12211 | Lair:2   | Reached skill level 5 in Armour
 12307 | Lair:2   | Found a dark tunnel.
 12357 | Volcano  | Entered a volcano
 12422 | Volcano  | Noticed a hill giant
 12427 | Volcano  | Killed a hill giant
 12452 | Volcano  | Noticed a hill giant
 12460 | Volcano  | Killed a hill giant
 12460 | Volcano  | Reached XP level 12. HP: 81/86 MP: 7/12
 12461 | Volcano  | Noticed a hill giant
 12466 | Volcano  | Killed a hill giant
 12553 | Lair:2   | Received a gift from Trog
 12627 | Lair:2   | Noticed a five-headed hydra
 12637 | Lair:2   | Killed a seven-headed hydra
 13979 | Lair:4   | Reached skill level 10 in Armour
 14464 | Lair:4   | Found a staircase to the Shoals.
 14676 | Lair:5   | Received a gift from Trog
 15176 | Lair:5   | Found a hole to the Spider Nest.
 15419 | Lair:5   | Reached XP level 13. HP: 91/91 MP: 13/13
 16026 | Lair:6   | Received a gift from Trog
 16899 | Lair:7   | Reached skill level 15 in Armour
 16986 | Lair:7   | Noticed Harold
 17002 | Lair:7   | Killed Harold
 17158 | Lair:7   | Received a gift from Trog
 17546 | Lair:8   | Entered Level 8 of the Lair of Beasts
 17546 | Lair:8   | Found a staircase to the Slime Pits.
 17849 | Lair:8   | Received a gift from Trog
 17886 | Lair:8   | Reached XP level 14. HP: 95/98 MP: 11/14
 18577 | Lair:8   | Received a gift from Trog
 18599 | Lair:8   | Got a fine battleaxe {god gift}
 18658 | Lair:8   | Identified the +0,+3 battleaxe "Fuwofo" {chop, MR+} (Trog gifted it to you on level 8 of the Lair of Beasts)
 19342 | D:11     | Found a staircase to the Orcish Mines.
 19420 | D:11     | Noticed a hill giant
 19429 | D:11     | Killed a hill giant
 19465 | D:11     | Found a shimmering altar of Xom.
 19548 | D:11     | Noticed Erolcha
 19560 | D:11     | Killed Erolcha
 19718 | Orc:1    | Entered Level 1 of the Orcish Mines
 19808 | Orc:1    | Reached skill level 5 in Fighting
 19840 | Orc:1    | Received a gift from Trog
 19978 | Orc:1    | Found a roughly hewn altar of Beogh.
 20275 | Orc:2    | You fall through a shaft!
 20433 | Orc:3    | Received a gift from Trog
 20655 | Orc:2    | Noticed an orc warlord
 20672 | Orc:2    | HP: 3/106 [orc warrior/glaive[an orc warlord] (26)]
 20672 | Orc:2    | Demolished by an orc warlord

Action                   |  1- 3 |  4- 6 |  7- 9 | 10-12 | 13-15 || total
-------------------------+-------+-------+-------+-------+-------++-------
Melee: Hand axe          |    50 |   280 |   264 |       |       ||   594
       Battleaxe         |       |       |   165 |   822 |   813 ||  1800
Invok: Berserk           |     1 |     2 |     7 |     1 |     1 ||    12
       Burn Spellbooks   |       |       |     1 |     1 |       ||     2
       Brothers in Arms  |       |       |       |     2 |       ||     2
Evoke: Wand              |       |       |     5 |     6 |     8 ||    19
  Use: Scroll            |       |     3 |    12 |    16 |    14 ||    45
       Potion            |       |       |     1 |       |       ||     1
 Stab: Distracted        |       |       |     1 |       |       ||     1
